← All builds
Pond / Armada / Economy first / OBSERVED BUILD

Standard pond

Armada Pond build order · Supreme Isthmus

Pond's usual economy-first play: Bot Lab around 5:35, boosting the fronts with tidal/wind, then Advanced Metal Extractor and T1 units to help front.

#eco #team support · 491 distinct matches · 109 players · 59% of Armada Pond games · team won 49% of 559 · Recently observed

HOW TO PLAY IT

Key timing: Bot Lab by 5:42

  1. Open tidal, then wind to start boosting front's economy.
  2. Take mex and keep boosting wind or tidal depending on front's needs.
  3. Get a Bot Lab up, start sending Tick and Pawn to front.
  4. Add Advanced Metal Extractor to scale up team's economy.
  5. Switch to tick spam if enemy reaches T2 front before you do.

Phase by phase

TYPICAL OF ITS 491 GAMES
  1. 1
  2. 2
PLAY THE OPENING

Follow the example game's first 6:00 step by step: what to build now, what comes next, and where it goes. At 1× it keeps pace with your own game.

  1. 1

    Up to the Bot Lab

    Economy
    • Metal Extractor4Mex
    • Wind Turbine10Wind
    • Tidal Generator8Tidalfor allies
    • Tidal Generator1Tidal
    • Energy Storage1Energy storage
    Order
    1. Bot LabBot Lab after 4 mex, 10 wind, 1 energy storagedone ~5:35, middle half 3:31–7:01

    Some games also: converter (45%)

    By 5:05 in all: 4 mex · 10 wind · 1 tidal · 1 energy storage

    The example game in this phase · 13 steps
    1. Tidal ×4for Suicide front
    2. Tidal
    3. Tidal ×6for Suicide front
    4. Tidal
    5. Mex ×4
    6. Energy storage
    7. Wind ×3
    8. Windfor Air
    9. Wind
    10. Converter ×3
    11. Windfor Air
    12. Wind ×12
    13. Bot LabBot Labdone 6:07 · typical 5:35
  2. 2

    Bot Lab to 10:00

    Economy
    • Wind Turbine16Wind
    Builders
    • Construction Turret1 Con turret
    • Construction Bot2 Con bot
    Army
    • Tick1 Tick

    Some games also: Lazarus (47%) · converter (45%)

    By 10:00 in all: 4 mex · 31 wind · 1 tidal · 5 converter · 1 energy storage · 2 con turret

    The example game in this phase · 118 steps
    1. TickTick ×26
    2. Construction BotCon bot ×4
    3. TickTick ×4
    4. Wind
    5. TickTick ×3
    6. Wind
    7. TickTick ×3
    8. Wind
    9. TickTick ×3
    10. Wind
    11. TickTick
    12. Construction BotCon bot
    13. Wind
    14. Construction BotCon bot
    15. Wind
    16. TickTick
    17. TickTickfor Tech
    18. Wind
    19. TickTickfor Tech
    20. Advanced Metal ExtractorT2 mexdone 10:18 · typical 9:54
    21. TickTick ×4for Tech
    22. Wind
    23. TickTick ×4for Tech
    24. Wind
    25. TickTick ×3for Tech
    26. Wind
    27. TickTick ×3
    28. Wind
    29. TickTick ×3
    30. Wind
    31. TickTick ×2
    32. Advanced Metal ExtractorT2 mex
    33. TickTick
    34. Wind
    35. TickTick ×3
    36. Wind
    37. TickTick ×2
    38. Wind
    39. TickTick ×4
    40. Wind
    41. TickTick ×2
    42. NettleNettle
    43. Advanced Metal ExtractorT2 mex
    44. TickTick
    45. Wind
    46. TickTick ×2
    47. NettleNettle
    48. TickTick
    49. Construction BotCon bot
    50. Wind
    51. NettleNettle
    52. Wind
    53. Construction BotCon bot
    54. Wind
    55. TickTick ×3
    56. Wind
    57. TickTick ×5
    58. Wind
    59. TickTick ×3
    60. Advanced Metal ExtractorT2 mex
    61. TickTick
    62. Wind
    63. TickTick ×4
    64. Wind
    65. TickTick ×4
    66. Con turret
    67. Wind
    68. TickTick ×3
    69. NettleNettle
    70. Wind
    71. TickTick ×4
    72. Wind
    73. TickTick
    74. SentrySentry
    75. TickTick
    76. Con turret
    77. TickTick
    78. SentrySentry
    79. TickTick
    80. Wind
    81. TickTick ×3
    82. Con turret
    83. Wind
    84. TickTick ×3
    85. Con turret
    86. TickTick
    87. Wind
    88. Fusion ReactorFusiondone 14:34
    89. TickTick ×3
    90. SentrySentry
    91. TickTick
    92. Wind
    93. TickTick ×2
    94. BeholderBeholder
    95. TickTick ×2
    96. Wind
    97. TickTick ×2
    98. Converter
    99. TickTick
    100. Wind
    101. TickTick
    102. Converter
    103. TickTick ×2
    104. Wind
    105. TickTick
    106. Vehicle PlantVehicle Plantdone 14:54
    107. TickTick ×2
    108. Converter
    109. TickTick
    110. Wind
    111. NettleNettle
    112. TickTick ×2
    113. Converter
    114. Wind
    115. Construction VehicleCon vehicle
    116. TickTick
    117. Converter
    118. TickTick

Counts are medians over the build's games: half of them build more, half fewer. The example game is enderOS1's (35 OS, 07/08/2026); pick another.

Team trades

IN AT LEAST 30% OF ITS GAMES

You hand over

  • Tidal Generator8 Tidal to Suicide front or Frontfirst at 0:10 · in 90% of games

You get

  • Hercules1 Light transport from Air or Techfirst at 4:26 · in 30% of games
  • Hephaestus1 Heavy transport from Air or Techfirst at 4:43 · in 38% of games
  • Fatboy1 Fatboy from Techfirst at 5:03 · in 40% of games
  • Sharpshooter2 Sniper bot from Techfirst at 5:16 · in 42% of games
  • Advanced Construction Bot1 T2 con bot from Techfirst at 8:17 · in 92% of games

How it plays out

Typical game of this build, running totals by minute

Metal produced

010k20k
0:005:0010:0015:00

metal

Enemy metal destroyed

02k4k6k
0:005:0010:0015:00

metal

Own metal lost

02k4k
0:005:0010:0015:00

metal

559 games.

Show as table
ByMetal produced: This buildEnemy metal destroyed: This buildOwn metal lost: This build
1:0011500
2:0027300
3:0082000
4:00151000
5:00223100
6:00298400
7:0038504540
8:0047571237138
9:0057191963370
10:0069182763714
11:00841732701149
12:001038635791578
13:001269541841940
14:001506647452417
15:001770253143015
WHAT THE NUMBERS SAY

This is the role's standard support job, winning slightly under half its games while contributing modest kills for modest losses.

  • + Keeps own losses fairly low relative to kills (2827 destroyed vs 756 lost by 10:00).
  • + Reaches T2 constructor reliably (89% of games) by 8:10.
  • − Metal production trails other roles at 6855 by 10:00.
  • − No kills registered by 5:00, slow to impact the fight.
THE EXAMPLE YOU ARE READING

enderOS1

35.5 OS · 07/08/2026

Open source match ↗

5 received units · includes a constructor
338 metal received · 58926 energy received

Allied construction assistance is unknown. Timings are observations, not a promise of solo reproducibility.

Typical milestones

Bot Lab5:35Middle 50%: 3:31–7:01 · n=502
Advanced Metal Extractor9:54Middle 50%: 8:59–10:38 · n=507

Played most by

Viltrum45games of this buildTeaner39games of this buildUsurpeR28games of this buildzeus_on_god23games of this buildRogShotz20games of this build